[Event "94th FRA-ch Open D 2019"]
[Site "Chartres"]
[Date "2019.08.17"]
[Round "1.1"]
[White "Penalver, Francois"]
[Black "Derrien, Fabrice"]
[Result "1/2-1/2"]
[ECO "C10"]
[WhiteElo "1596"]
[BlackElo "1412"]
[Annotator "NA"]
[PlyCount "122"]
[EventDate "2019.08.17"]
[EventType "swiss"]
[EventCountry "FRA"]
[SourceTitle "playchess.com"]
[Source "ChessBase"]
[SourceQuality "1"]
[TimeControl "40/5400+30:1800+30"]

1. e4 e6 2. d4 d5 3. Nd2 dxe4 4. Nxe4 Nd7 5. Nf3 Ngf6 6. Nxf6+ Nxf6 7. Bd3 Be7 8. O-O O-O 9. c3 b6 10. Qc2 Bb7 11. Ng5 g6 12. Ne4 Nxe4 13. Bxe4 Bxe4 14. Qxe4 c5 15. Bh6 Re8 16. Rad1 Qc7 17. Bf4 Bd6 18. Bxd6 Qxd6 19. dxc5 Qxc5 20. Rd2 Rad8 21. Rfd1 Qe7 22. h3 Rxd2 23. Rxd2 Rc8 24. Qa4 Rc7 25. Qd1 e5 26. Rd8+ Kg7 27. g3 Qe6 28. Qd6 Qxd6 29. Rxd6 f6 30. Kg2 Kf7 31. Kf3 Ke7 32. Rd2 Ke6 33. Ke3 Rc4 34. Kd3 Kd5 35. Kc2+ Ke4 36. b3 Rc7 37. Rd3 h5 38. f3+ Kf5 39. Rd5 g5 40. Kd3 g4 41. hxg4+ hxg4 42. f4 Ke6 43. c4 exf4 44. gxf4 Rh7 45. Ke4 Rh2 46. f5+ Ke7 47. a4 g3 48. Kf3 g2 49. Kf2 g1=Q+ 50. Kxg1 Rb2 51. Rd3 Kf7 52. a5 Kg7 53. Rd7+ Kh6 54. Rxa7 bxa5 55. Rxa5 Rxb3 56. Rc5 Kg5 57. Rb5 Rc3 58. c5 Kxf5 59. Kf2 Ke6 60. Rb6+ Kd5 61. Rxf6 Kxc5 1/2-1/2

[Event "94th FRA-ch Open D 2019"]
[Site "Chartres"]
[Date "2019.08.17"]
[Round "1.2"]
[White "Jugeau, Frederic"]
[Black "Catherinot, Laetitia"]
[Result "1/2-1/2"]
[ECO "B01"]
[WhiteElo "1411"]
[BlackElo "1587"]
[Annotator "NA"]
[PlyCount "88"]
[EventDate "2019.08.17"]
[EventType "swiss"]
[EventCountry "FRA"]
[SourceTitle "playchess.com"]
[Source "ChessBase"]
[SourceQuality "1"]
[TimeControl "40/5400+30:1800+30"]

1. e4 d5 2. exd5 Nf6 3. d4 Nxd5 4. c4 Nb6 5. Nc3 e5 6. dxe5 Qxd1+ 7. Nxd1 Be6 8. b3 Nc6 9. Nf3 Nb4 10. Ne3 Bc5 11. Ba3 O-O-O 12. Be2 Nd3+ 13. Bxd3 Bxa3 14. Ke2 h6 15. Rhd1 g6 16. Be4 Nd7 17. Nd5 c6 18. Nf4 Bg4 19. h3 Bxf3+ 20. Kxf3 Nxe5+ 21. Kg3 Bd6 22. Kh2 g5 23. Nh5 Nxc4+ 24. Kg1 Nb6 25. Bf5+ Kc7 26. Rd3 Nd5 27. Rf3 f6 28. Be4 Nf4 29. Nxf4 Bxf4 30. Rd3 Rxd3 31. Bxd3 Rd8 32. Rd1 Rd5 33. Bc2 Rc5 34. Bb1 a5 35. Kf1 b5 36. Ke2 Rd5 37. Bc2 Rxd1 38. Bxd1 Kd6 39. Kd3 f5 40. Bf3 Kc5 41. Be2 a4 42. Bh5 axb3 43. axb3 Kd6 44. Bg6 Ke5 1/2-1/2

[Event "94th FRA-ch Open D 2019"]
[Site "Chartres"]
[Date "2019.08.17"]
[Round "1.3"]
[White "Alcindor, Samuel"]
[Black "Lefort, Guillaume"]
[Result "1-0"]
[ECO "C30"]
[WhiteElo "1580"]
[BlackElo "1411"]
[Annotator "NA"]
[PlyCount "49"]
[EventDate "2019.08.17"]
[EventType "swiss"]
[EventCountry "FRA"]
[SourceTitle "playchess.com"]
[Source "ChessBase"]
[SourceQuality "1"]
[TimeControl "40/5400+30:1800+30"]

1. e4 e5 2. Nc3 Nf6 3. f4 d6 4. Nf3 Nbd7 5. Bc4 Be7 6. O-O O-O 7. d3 exf4 8. Bxf4 Nb6 9. Bb3 c6 10. Qd2 d5 11. exd5 Nfxd5 12. Nxd5 Nxd5 13. Rae1 Bf6 14. Be5 Bxe5 15. Nxe5 Nf6 16. Qg5 Bd7 17. Rxf6 Qxf6 18. Qxf6 gxf6 19. Nxd7 Rfd8 20. Re7 Kg7 21. Rxf7+ Kg6 22. Nxf6 Rf8 23. Rxf8 Rxf8 24. Ne4 b6 25. c3 1-0

[Event "94th FRA-ch Open D 2019"]
[Site "Chartres"]
[Date "2019.08.17"]
[Round "1.4"]
[White "Vanderpooten, Raphael"]
[Black "De Carvalho Massabo, Raphael"]
[Result "1-0"]
[ECO "A17"]
[WhiteElo "1411"]
[BlackElo "1579"]
[Annotator "NA"]
[PlyCount "71"]
[EventDate "2019.08.17"]
[EventType "swiss"]
[EventCountry "FRA"]
[SourceTitle "playchess.com"]
[Source "ChessBase"]
[SourceQuality "1"]
[TimeControl "40/5400+30:1800+30"]

1. c4 e6 2. g3 Nf6 3. Bg2 d5 4. Nc3 Nbd7 5. cxd5 Nb6 6. dxe6 fxe6 7. d4 c6 8. Bg5 Bb4 9. e3 O-O 10. Nge2 h6 11. Bxf6 Qxf6 12. O-O Bd7 13. a3 Be7 14. b4 Rad8 15. Qc2 Kh8 16. Ne4 Qf5 17. Qc1 Be8 18. Nc5 Bh5 19. Nf4 Bf7 20. e4 Qh7 21. Nfxe6 Bxc5 22. Nxc5 Rxd4 23. Nxb7 Qg6 24. Qe3 Rc4 25. Rac1 Rb8 26. Nc5 Rxc1 27. Rxc1 Rd8 28. Qc3 Bc4 29. a4 Qh5 30. Qc2 Be2 31. Ne6 Rd1+ 32. Rxd1 Bxd1 33. Qd2 Bxa4 34. Qd8+ Kh7 35. Qe7 Qg6 36. Nf8+ 1-0

[Event "94th FRA-ch Open D 2019"]
[Site "Chartres"]
[Date "2019.08.17"]
[Round "1.5"]
[White "Linard, Bruno"]
[Black "Thill-Solente, Gabriel"]
[Result "1/2-1/2"]
[ECO "D27"]
[WhiteElo "1577"]
[BlackElo "1410"]
[Annotator "NA"]
[PlyCount "86"]
[EventDate "2019.08.17"]
[EventType "swiss"]
[EventCountry "FRA"]
[SourceTitle "playchess.com"]
[Source "ChessBase"]
[SourceQuality "1"]
[TimeControl "40/5400+30:1800+30"]

1. d4 d5 2. c4 dxc4 3. Nf3 Nf6 4. e3 e6 5. Bxc4 c5 6. O-O a6 7. a4 Nc6 8. Nc3 Bd6 9. dxc5 Bxc5 10. Qxd8+ Nxd8 11. b3 O-O 12. Bb2 Nc6 13. Rfd1 Na5 14. Nd2 Nxc4 15. Nxc4 b6 16. Ba3 Bxa3 17. Nxa3 Bd7 18. Nc4 Rab8 19. Ne5 Rfd8 20. Rd3 Be8 21. Rad1 Rxd3 22. Rxd3 Rc8 23. h3 h6 24. Nc4 b5 25. axb5 axb5 26. Nd2 Kf8 27. Nce4 Nxe4 28. Nxe4 Ke7 29. Rc3 Rxc3 30. Nxc3 f5 31. f4 Kd6 32. b4 Kc6 33. Kf2 Kd6 34. Ke1 Bc6 35. Kf2 e5 36. h4 e4 37. g3 h5 38. Ke1 Be8 39. Kd2 Kc6 40. Ne2 Kd5 41. Kc3 Bc6 42. Nd4 Bd7 43. Kb3 Kd6 1/2-1/2

[Event "94th FRA-ch Open D 2019"]
[Site "Chartres"]
[Date "2019.08.17"]
[Round "1.6"]
[White "Bernardon, Alexis"]
[Black "Bernard, Marc-Olivier"]
[Result "0-1"]
[ECO "A02"]
[WhiteElo "1407"]
[BlackElo "1570"]
[Annotator "NA"]
[PlyCount "114"]
[EventDate "2019.08.17"]
[EventType "swiss"]
[EventCountry "FRA"]
[SourceTitle "playchess.com"]
[Source "ChessBase"]
[SourceQuality "1"]
[TimeControl "40/5400+30:1800+30"]

1. f4 Nf6 2. Nf3 e6 3. Nc3 d5 4. e3 Be7 5. Be2 O-O 6. d3 c5 7. e4 d4 8. Nb5 Qa5+ 9. c3 Qxb5 10. cxd4 cxd4 11. b3 Bb4+ 12. Bd2 Bxd2+ 13. Qxd2 Nc6 14. O-O a5 15. Rab1 b6 16. a4 Qa6 17. Qb2 Rd8 18. Rfc1 Bb7 19. Rc4 Qa7 20. e5 Ng4 21. Nh4 Ne3 22. Rcc1 Nd5 23. f5 Nc3 24. Ra1 Nxe5 25. fxe6 fxe6 26. Rf1 Ba6 27. Nf3 Nxd3 28. Bxd3 Bxd3 29. Rfe1 Bf5 30. Rac1 b5 31. axb5 Nxb5 32. Ne5 Rac8 33. Nc6 Rxc6 34. Rxc6 d3+ 35. Kh1 Nd4 36. Rc4 Nc2 37. Rd1 Qe3 38. Rc7 Qg5 39. Rc5 Qg4 40. Rd2 Qf4 41. Qc1 Rb8 42. Rdxc2 Qxc1+ 43. Rxc1 Rxb3 44. Rxa5 Rb2 45. Ra7 h6 46. Rd7 Be4 47. Rg1 Bd5 48. h3 Re2 49. Ra7 d2 50. Raa1 e5 51. Kh2 e4 52. Kg3 g5 53. Rab1 e3 54. Ra1 Rf2 55. Rab1 Rxg2+ 56. Rxg2 Bxg2 57. Kxg2 e2 0-1

[Event "94th FRA-ch Open D 2019"]
[Site "Chartres"]
[Date "2019.08.18"]
[Round "2.1"]
[White "Decurninge, Brice"]
[Black "Alcindor, Samuel"]
[Result "1/2-1/2"]
[ECO "B30"]
[WhiteElo "1462"]
[BlackElo "1580"]
[Annotator "NA"]
[PlyCount "91"]
[EventDate "2019.08.17"]
[EventType "swiss"]
[EventCountry "FRA"]
[SourceTitle "playchess.com"]
[Source "ChessBase"]
[SourceQuality "1"]
[TimeControl "40/5400+30:1800+30"]

1. e4 c5 2. Nc3 e6 3. Nf3 Nc6 4. Bb5 Nge7 5. d4 a6 6. Bxc6 Nxc6 7. d5 exd5 8. exd5 Qe7+ 9. Be3 Ne5 10. O-O d6 11. Nxe5 dxe5 12. Re1 g6 13. Ne4 Qd8 14. Nxc5 Bd6 15. Ne4 O-O 16. c4 Bf5 17. Nxd6 Qxd6 18. c5 Qc7 19. Qd2 Rad8 20. Bh6 Rfe8 21. Bg5 Rd7 22. Rac1 Kg7 23. Bh6+ Kg8 24. d6 Qc8 25. Qg5 Qd8 26. Qxd8 Rdxd8 27. Bg5 Rc8 28. Red1 Bd7 29. Be7 e4 30. Rd4 f5 31. b4 Rc6 32. a4 Rec8 33. Rdc4 b6 34. R4c3 bxc5 35. bxc5 Rb8 36. Kf1 Rb4 37. Rc4 Rxc4 38. Rxc4 Kf7 39. Ke2 Ke6 40. Ke3 Kd5 41. Rb4 Rxc5 42. Rb7 Ke6 43. Rb4 Ra5 44. Bd8 Rxa4 45. Rxa4 Bxa4 46. Bc7 1/2-1/2

[Event "94th FRA-ch Open D 2019"]
[Site "Chartres"]
[Date "2019.08.18"]
[Round "2.2"]
[White "Bernard, Marc-Olivier"]
[Black "Boisselet, Gilles"]
[Result "1/2-1/2"]
[ECO "D40"]
[WhiteElo "1570"]
[BlackElo "1449"]
[Annotator "NA"]
[PlyCount "81"]
[EventDate "2019.08.17"]
[EventType "swiss"]
[EventCountry "FRA"]
[SourceTitle "playchess.com"]
[Source "ChessBase"]
[SourceQuality "1"]
[TimeControl "40/5400+30:1800+30"]

1. e4 c6 2. d4 d5 3. exd5 cxd5 4. c4 Nf6 5. Nf3 e6 6. Nc3 Nc6 7. a3 a6 8. b4 b5 9. cxb5 axb5 10. Bb2 Bd7 11. Bxb5 Be7 12. Bxc6 Bxc6 13. Ne5 Bb7 14. O-O O-O 15. b5 Qb6 16. a4 Bd6 17. Ne2 Bxe5 18. dxe5 Nd7 19. Qd2 Rfc8 20. Rfc1 Rxc1+ 21. Nxc1 Qc7 22. f4 Qc4 23. Qd4 Qc2 24. Qc3 Qe4 25. Qg3 Rxa4 26. Rxa4 Qxa4 27. h4 Qxb5 28. Qb3 Qc6 29. Qc3 Nc5 30. Qd4 Ne4 31. Ne2 Ba6 32. Nc3 Nxc3 33. Qxc3 Qxc3 34. Bxc3 Kf8 35. Kf2 Ke7 36. Ke3 Kd7 37. g4 g6 38. g5 Bf1 39. Bd4 Bh3 40. Bb2 Bf5 41. Ba1 1/2-1/2

[Event "94th FRA-ch Open D 2019"]
[Site "Chartres"]
[Date "2019.08.18"]
[Round "2.3"]
[White "Minatchy, Tristan"]
[Black "Just, Fred"]
[Result "1-0"]
[ECO "B00"]
[WhiteElo "1452"]
[BlackElo "2125"]
[Annotator "NA"]
[PlyCount "87"]
[EventDate "2019.08.17"]
[EventType "swiss"]
[EventCountry "FRA"]
[SourceTitle "playchess.com"]
[Source "ChessBase"]
[SourceQuality "1"]
[TimeControl "40/5400+30:1800+30"]

1. e4 b6 2. d4 Bb7 3. Bd3 e6 4. Nf3 Nf6 5. Qe2 d5 6. e5 Ne4 7. Nbd2 Nxd2 8. Bxd2 c5 9. c3 Be7 10. O-O Qc8 11. Ng5 Bxg5 12. Bxg5 Ba6 13. Rad1 Bxd3 14. Rxd3 Qa6 15. a3 Nc6 16. dxc5 bxc5 17. f4 Rb8 18. f5 Qb6 19. Rf2 Ne7 20. f6 Nf5 21. fxg7 Rg8 22. Bf6 c4 23. Rh3 h6 24. Qf3 Qc5 25. Kf1 Kd7 26. Rh5 Qe3 27. Qxe3 Nxe3+ 28. Ke2 Nf5 29. Rfxf5 exf5 30. Rxh6 Rxb2+ 31. Kf3 Rbb8 32. Rh8 Ke6 33. h4 d4 34. cxd4 c3 35. Ke2 Rb2+ 36. Kd1 Rxg2 37. Rxg8 Kd5 38. Rd8+ Ke4 39. g8=Q Rd2+ 40. Kc1 Rf2 41. Qg1 Ra2 42. Qh1+ Kd3 43. Qf3+ Kc4 44. Rc8+ 1-0

[Event "94th FRA-ch Open D 2019"]
[Site "Chartres"]
[Date "2019.08.18"]
[Round "2.4"]
[White "Buchard, Jacques-Henri"]
[Black "Brasseur, Vincent"]
[Result "1/2-1/2"]
[ECO "A01"]
[WhiteElo "1449"]
[BlackElo "1548"]
[Annotator "NA"]
[PlyCount "59"]
[EventDate "2019.08.17"]
[EventType "swiss"]
[EventCountry "FRA"]
[SourceTitle "playchess.com"]
[Source "ChessBase"]
[SourceQuality "1"]
[TimeControl "40/5400+30:1800+30"]

1. b3 d6 2. Bb2 e5 3. c4 Nc6 4. Nc3 Nf6 5. d3 Be6 6. Nf3 h6 7. e3 Be7 8. Be2 O-O 9. O-O Re8 10. Re1 Bf8 11. Kh1 Ng4 12. Rf1 f5 13. h3 Nf6 14. Ng1 g5 15. g3 Bg7 16. Qd2 g4 17. h4 Nh5 18. Rad1 f4 19. exf4 exf4 20. Ne4 f3 21. Bxf3 gxf3 22. Bxg7 Nxg7 23. Qxh6 Rf8 24. Ng5 Bf5 25. N5xf3 Bg4 26. Ng5 Bf5 27. N5f3 Bg4 28. Ng5 Bf5 29. N5f3 Bg4 30. Ng5 1/2-1/2

[Event "94th FRA-ch Open D 2019"]
[Site "Chartres"]
[Date "2019.08.18"]
[Round "2.5"]
[White "Thillerot, Anthony"]
[Black "Bardet, Vincent"]
[Result "1/2-1/2"]
[ECO "E19"]
[WhiteElo "1542"]
[BlackElo "1446"]
[Annotator "NA"]
[PlyCount "87"]
[EventDate "2019.08.17"]
[EventType "swiss"]
[EventCountry "FRA"]
[SourceTitle "playchess.com"]
[Source "ChessBase"]
[SourceQuality "1"]
[TimeControl "40/5400+30:1800+30"]

1. Nf3 Nf6 2. c4 e6 3. g3 b6 4. Bg2 Bb7 5. O-O Be7 6. Nc3 O-O 7. d4 Ne4 8. Qc2 Nxc3 9. bxc3 d6 10. Bg5 Nc6 11. Bxe7 Qxe7 12. h4 Na5 13. Rfe1 Rab8 14. Ng5 g6 15. Bxb7 Rxb7 16. Qe4 Rbb8 17. d5 e5 18. f4 h6 19. Nh3 f5 20. Qd3 e4 21. Qd4 Qf6 22. Rac1 Rbe8 23. e3 Kh7 24. Kh2 Nb7 25. Nf2 a5 26. Rh1 a4 27. Kg2 h5 28. Nh3 Ra8 29. Ng5+ Kh6 30. Ne6 Qxd4 31. cxd4 Rfc8 32. c5 dxc5 33. dxc5 b5 34. Rb1 Ra5 35. Rb4 Nd8 36. Nd4 c6 37. d6 Kg7 38. Rd1 Kf7 39. Ne2 Ra7 40. Nd4 Rd7 41. a3 Ne6 42. Nxe6 Kxe6 43. Rdd4 Rh8 44. Rd2 1/2-1/2

[Event "94th FRA-ch Open D 2019"]
[Site "Chartres"]
[Date "2019.08.18"]
[Round "2.6"]
[White "Soulet, Julia"]
[Black "Lemaire, Frederic"]
[Result "1-0"]
[ECO "A52"]
[WhiteElo "1537"]
[BlackElo "1445"]
[Annotator "NA"]
[PlyCount "53"]
[EventDate "2019.08.17"]
[EventType "swiss"]
[EventCountry "FRA"]
[SourceTitle "playchess.com"]
[Source "ChessBase"]
[SourceQuality "1"]
[TimeControl "40/5400+30:1800+30"]

1. d4 Nf6 2. c4 e5 3. dxe5 Ng4 4. Nf3 Nc6 5. Bf4 Bb4+ 6. Nbd2 O-O 7. h3 Nh6 8. e4 Qe7 9. Bd3 Qe6 10. O-O d6 11. exd6 cxd6 12. Qc2 Ne5 13. Be2 Qf6 14. Bg3 Bd7 15. a3 Bc5 16. b4 Bb6 17. Qc3 Qg6 18. Nxe5 dxe5 19. Bxe5 Bxh3 20. Qxh3 Rad8 21. Bf4 Bd4 22. Rad1 a6 23. Bh5 Qf6 24. Qg3 Kh8 25. Bg5 Qd6 26. Qxd6 Rxd6 27. Be7 1-0

[Event "94th FRA-ch Open D 2019"]
[Site "Chartres"]
[Date "2019.08.19"]
[Round "3.1"]
[White "Henry, Loic"]
[Black "Soulet, Julia"]
[Result "1/2-1/2"]
[ECO "D00"]
[WhiteElo "1476"]
[BlackElo "1537"]
[Annotator "NA"]
[PlyCount "60"]
[EventDate "2019.08.17"]
[EventType "swiss"]
[EventCountry "FRA"]
[SourceTitle "playchess.com"]
[Source "ChessBase"]
[SourceQuality "1"]
[TimeControl "40/5400+30:1800+30"]

1. d4 d5 2. Bf4 Nf6 3. e3 Bg4 4. Be2 Bxe2 5. Qxe2 a6 6. Nf3 e6 7. Nbd2 c5 8. c3 Nc6 9. O-O Be7 10. h3 O-O 11. Ne5 Nd7 12. Ndf3 Ndxe5 13. Nxe5 Bd6 14. Nxc6 bxc6 15. Bxd6 Qxd6 16. b3 cxd4 17. cxd4 Rfc8 18. Rfc1 c5 19. dxc5 Rxc5 20. Rc2 a5 21. Rac1 Rac8 22. Qd2 Rxc2 23. Rxc2 Rxc2 24. Qxc2 h6 25. Qc1 e5 26. Qc8+ Kh7 27. Qf5+ Kg8 28. Qc8+ Kh7 29. Qf5+ Kg8 30. Qc8+ Kh7 1/2-1/2

[Event "94th FRA-ch Open D 2019"]
[Site "Chartres"]
[Date "2019.08.19"]
[Round "3.2"]
[White "Braule-Debaecker, Emeline"]
[Black "Azen, Bernard"]
[Result "0-1"]
[ECO "C01"]
[WhiteElo "1470"]
[BlackElo "1532"]
[Annotator "NA RC"]
[PlyCount "34"]
[EventDate "2019.08.17"]
[EventType "swiss"]
[EventCountry "FRA"]
[SourceTitle "playchess.com"]
[Source "ChessBase"]
[SourceQuality "1"]
[TimeControl "40/5400+30:1800+30"]

1. e4 e6 2. d4 d5 3. exd5 exd5 4. Nf3 Bd6 5. Nc3 c6 6. Bd3 Ne7 7. O-O O-O 8. Re1 Ng6 9. Bg5 f6 10. Bd2 Bg4 11. h3 Bd7 12. Bxg6 hxg6 13. Nh4 Kh7 14. Qf3 f5 15. g3 f4 16. Qd3 Qf6 17. Kh2 fxg3+ {[%emt 1:07:21] Rh1} 0-1

[Event "94th FRA-ch Open D 2019"]
[Site "Chartres"]
[Date "2019.08.19"]
[Round "3.3"]
[White "Martinez, Luc"]
[Black "Lissillour, Baptiste"]
[Result "0-1"]
[ECO "B94"]
[WhiteElo "1532"]
[BlackElo "1469"]
[Annotator "NA"]
[PlyCount "46"]
[EventDate "2019.08.17"]
[EventType "swiss"]
[EventCountry "FRA"]
[SourceTitle "playchess.com"]
[Source "ChessBase"]
[SourceQuality "1"]
[TimeControl "40/5400+30:1800+30"]

1. e4 c5 2. Nf3 d6 3. d4 cxd4 4. Nxd4 Nf6 5. Nc3 a6 6. Bg5 Nbd7 7. f4 Qc7 8. Qf3 h6 9. Bh4 g5 10. Bg3 b5 11. a3 Nc5 12. Bd3 g4 13. Qe3 e6 14. O-O Bb7 15. e5 dxe5 16. fxe5 Nd5 17. Nxd5 Bxd5 18. Rac1 Qa7 19. Qf4 Nxd3 20. cxd3 h5 21. Bf2 Bc5 22. Rxc5 Qxc5 23. Qxf7+ Kxf7 0-1

[Event "94th FRA-ch Open D 2019"]
[Site "Chartres"]
[Date "2019.08.19"]
[Round "3.4"]
[White "Galhaud, Victor"]
[Black "Legeay, Julie"]
[Result "0-1"]
[ECO "A38"]
[WhiteElo "1469"]
[BlackElo "1531"]
[Annotator "NA"]
[PlyCount "62"]
[EventDate "2019.08.17"]
[EventType "swiss"]
[EventCountry "FRA"]
[SourceTitle "playchess.com"]
[Source "ChessBase"]
[SourceQuality "1"]
[TimeControl "40/5400+30:1800+30"]

1. Nf3 d6 2. c4 Nf6 3. Nc3 g6 4. b3 Bg7 5. Bb2 O-O 6. g3 c5 7. Bg2 Nc6 8. O-O Rb8 9. d4 cxd4 10. Nxd4 Nxd4 11. Qxd4 b6 12. Qd2 Bb7 13. e4 Re8 14. Rfe1 Qc8 15. Rad1 Ng4 16. Qe2 Ne5 17. Nd5 Qc5 18. Bd4 Qa3 19. Nc7 Rec8 20. Nb5 Qa5 21. Qb2 Nd3 22. Rxd3 Qxe1+ 23. Bf1 Bxd4 24. Nxd4 Qxe4 25. f3 Qe5 26. Qc3 a6 27. Bh3 Rc7 28. Re3 Qf6 29. Bg4 b5 30. h4 bxc4 31. bxc4 Bd5 0-1

[Event "94th FRA-ch Open D 2019"]
[Site "Chartres"]
[Date "2019.08.19"]
[Round "3.5"]
[White "Masalles, Roland"]
[Black "Minatchy, Tristan"]
[Result "0-1"]
[ECO "B07"]
[WhiteElo "1530"]
[BlackElo "1452"]
[Annotator "NA"]
[PlyCount "80"]
[EventDate "2019.08.17"]
[EventType "swiss"]
[EventCountry "FRA"]
[SourceTitle "playchess.com"]
[Source "ChessBase"]
[SourceQuality "1"]
[TimeControl "40/5400+30:1800+30"]

1. e4 d6 2. Bc4 Nf6 3. Nc3 g6 4. d3 Nc6 5. Bg5 Na5 6. Bb3 c6 7. Nf3 Bg7 8. O-O O-O 9. Qd2 Bg4 10. Qe3 Qc7 11. h3 Bd7 12. Ne2 b5 13. Rfe1 e5 14. c3 Nxb3 15. axb3 c5 16. Nh2 b4 17. c4 a5 18. Qf3 Qd8 19. Qe3 Ra6 20. Ra2 Qc7 21. Qf3 Qd8 22. Rea1 h6 23. Bd2 Kh7 24. g4 h5 25. Bg5 hxg4 26. Nxg4 Bxg4 27. hxg4 Re8 28. Qh3+ Kg8 29. f4 exf4 30. Nxf4 Qc7 31. Kg2 Re5 32. Qh4 Nh7 33. Bd8 Qd7 34. Nd5 g5 35. Bxg5 Rxg5 36. Kh3 Qe6 37. Nc7 Qe5 38. Nxa6 Nf6 39. Rg1 Nxg4 40. Rxa5 Qh2# 0-1

[Event "94th FRA-ch Open D 2019"]
[Site "Chartres"]
[Date "2019.08.19"]
[Round "3.6"]
[White "Bustos-Salinas, Luis"]
[Black "Pertuy, Noe"]
[Result "0-1"]
[ECO "D02"]
[WhiteElo "1444"]
[BlackElo "1530"]
[Annotator "NA"]
[PlyCount "74"]
[EventDate "2019.08.17"]
[EventType "swiss"]
[EventCountry "FRA"]
[SourceTitle "playchess.com"]
[Source "ChessBase"]
[SourceQuality "1"]
[TimeControl "40/5400+30:1800+30"]

1. d4 d5 2. Nf3 Nc6 3. Bf4 Bg4 4. e3 e6 5. Nbd2 Bd6 6. Bxd6 cxd6 7. h3 Bh5 8. g4 Bg6 9. Nh4 Qxh4 10. c3 Qd8 11. h4 h6 12. Nf3 Nf6 13. h5 Be4 14. Rg1 Qb6 15. b4 Rc8 16. Nh4 Qc7 17. f3 Bh7 18. a3 a6 19. Ra2 Na7 20. Qa4+ b5 21. Qxa6 Qxc3+ 22. Kf2 Rc7 23. Bxb5+ Ke7 24. Raa1 Rhc8 25. Rge1 Nxb5 26. Qxb5 Qb2+ 27. Kg3 Rc2 28. a4 R8c7 29. a5 Rh2 30. Rf1 Rxh4 31. Rf2 Qxa1 32. Kxh4 Qh1+ 33. Kg3 Qg1+ 34. Rg2 Qe1+ 35. Kh3 Qxe3 36. Qb6 Qxf3+ 37. Rg3 Qh1# 0-1

[Event "94th FRA-ch Open D 2019"]
[Site "Chartres"]
[Date "2019.08.20"]
[Round "4.1"]
[White "Azen, Bernard"]
[Black "Minatchy, Tristan"]
[Result "0-1"]
[ECO "E73"]
[WhiteElo "1532"]
[BlackElo "1452"]
[Annotator "NA"]
[PlyCount "94"]
[EventDate "2019.08.17"]
[EventType "swiss"]
[EventCountry "FRA"]
[SourceTitle "playchess.com"]
[Source "ChessBase"]
[SourceQuality "1"]
[TimeControl "40/5400+30:1800+30"]

1. d4 Nf6 2. c4 g6 3. Nc3 Bg7 4. e4 d6 5. Be2 O-O 6. h4 h5 7. Be3 e5 8. d5 Nbd7 9. Qd2 Nc5 10. f3 a5 11. O-O-O b6 12. Nh3 Bd7 13. Ng5 a4 14. Kb1 Qe7 15. Rdg1 Rab8 16. Qd1 a3 17. b4 Na6 18. b5 Nc5 19. g4 Ra8 20. Rg2 Bc8 21. Rhg1 Ncd7 22. Bc1 Bb7 23. Qb3 Nc5 24. Qb4 Ra7 25. Bxa3 Rfa8 26. Bc1 Na4 27. a3 Bc8 28. Bd1 Nc5 29. Rd2 Bh6 30. Be2 hxg4 31. fxg4 Nh7 32. Rdd1 Nxg5 33. Rdf1 Nh3 34. g5 Nxg1 35. Rxg1 Bg7 36. h5 Bd7 37. h6 Bh8 38. Ka2 Kh7 39. Qb1 f6 40. Qc2 fxg5 41. Nb1 Bf6 42. Nd2 g4 43. Nf1 Bg5 44. Bb2 Na4 45. Ba1 Qf6 46. Qd1 Qf2 47. Rh1 Nc3+ 0-1

[Event "94th FRA-ch Open D 2019"]
[Site "Chartres"]
[Date "2019.08.20"]
[Round "4.2"]
[White "Legeay, Julie"]
[Black "Breuil, Virgile"]
[Result "1-0"]
[ECO "A30"]
[WhiteElo "1531"]
[BlackElo "1388"]
[Annotator "NA"]
[PlyCount "99"]
[EventDate "2019.08.17"]
[EventType "swiss"]
[EventCountry "FRA"]
[SourceTitle "playchess.com"]
[Source "ChessBase"]
[SourceQuality "1"]
[TimeControl "40/5400+30:1800+30"]

1. Nf3 d5 2. g3 Nf6 3. Bg2 e6 4. O-O c5 5. d3 Nc6 6. c4 Be7 7. cxd5 exd5 8. Nc3 O-O 9. a3 Re8 10. Rb1 Bf5 11. Bd2 c4 12. Nh4 Bg6 13. Nxg6 fxg6 14. dxc4 dxc4 15. Bf4 Qb6 16. Nd5 Qc5 17. Nc7 Rad8 18. Qc1 Nd4 19. Re1 Bd6 20. Nxe8 Rxe8 21. Bxd6 Qxd6 22. Qxc4+ Kh8 23. e3 Ne6 24. Red1 Qf8 25. Bxb7 Ng5 26. Bg2 Rc8 27. Qb4 Qf7 28. Rbc1 Rf8 29. Qc4 Qe8 30. Qc6 Qe7 31. Rc4 Qf7 32. Rdc1 h6 33. Qb7 Qe6 34. Rc8 Ne8 35. R1c7 Qf6 36. Rc2 Kh7 37. Qa8 Qf7 38. h4 Ne6 39. Bd5 Qe7 40. Bxe6 Qxe6 41. Qxa7 Rf7 42. Qa8 Re7 43. b4 g5 44. hxg5 hxg5 45. Qh1+ Kg8 46. Qh5 g6 47. Qxg5 Rh7 48. R2c6 Qd7 49. Qxg6+ Kf8 50. Rf6+ 1-0

[Event "94th FRA-ch Open D 2019"]
[Site "Chartres"]
[Date "2019.08.20"]
[Round "4.3"]
[White "Pertuy, Noe"]
[Black "Rolland Piegue, Sacha"]
[Result "0-1"]
[ECO "E44"]
[WhiteElo "1530"]
[BlackElo "1385"]
[Annotator "NA"]
[PlyCount "84"]
[EventDate "2019.08.17"]
[EventType "swiss"]
[EventCountry "FRA"]
[SourceTitle "playchess.com"]
[Source "ChessBase"]
[SourceQuality "1"]
[TimeControl "40/5400+30:1800+30"]

1. d4 Nf6 2. c4 e6 3. Nc3 Bb4 4. e3 O-O 5. Nge2 d5 6. a3 Bxc3+ 7. Nxc3 b6 8. cxd5 Nxd5 9. Bd3 Bb7 10. O-O Nxc3 11. bxc3 Nd7 12. e4 c5 13. e5 cxd4 14. cxd4 Rc8 15. Qg4 Nxe5 16. dxe5 Qxd3 17. Bf4 Rc4 18. Qg3 Qe4 19. Be3 Rfc8 20. Rfd1 Bd5 21. h3 h5 22. Kh2 h4 23. Qg5 Rc2 24. Rd4 Qg6 25. Qxg6 fxg6 26. Rxh4 Rf8 27. Ra4 Rf7 28. g4 g5 29. Rf1 Ra2 30. Kg1 Rf3 31. Rxa7 Rxh3 32. f3 Bxf3 33. Rxf3 Rxf3 34. Bxb6 Rb3 35. Bf2 Rb1+ 36. Kg2 Rbb2 37. Ra8+ Kf7 38. Kg3 Rxf2 39. Ra7+ Kg8 40. Ra6 Rfe2 41. Kf3 Rxe5 42. a4 Rae2 0-1

[Event "94th FRA-ch Open D 2019"]
[Site "Chartres"]
[Date "2019.08.20"]
[Round "4.4"]
[White "Nezosi, Christophe"]
[Black "Moquet, Evariste"]
[Result "1-0"]
[ECO "B09"]
[WhiteElo "1523"]
[BlackElo "1309"]
[Annotator "NA"]
[PlyCount "47"]
[EventDate "2019.08.17"]
[EventType "swiss"]
[EventCountry "FRA"]
[SourceTitle "playchess.com"]
[Source "ChessBase"]
[SourceQuality "1"]
[TimeControl "40/5400+30:1800+30"]

1. e4 d6 2. d4 Nf6 3. Nc3 g6 4. f4 Bg7 5. Bd3 O-O 6. Nf3 Nbd7 7. Be3 c5 8. Qd2 Ng4 9. Bg1 Qb6 10. Na4 Qc6 11. Nc3 Ngf6 12. O-O-O a6 13. e5 dxe5 14. dxe5 Ng4 15. h3 Nh6 16. Be4 Qc7 17. Nd5 Qd8 18. Bf2 Nb6 19. Nf6+ exf6 20. Qxd8 Rxd8 21. Rxd8+ Bf8 22. Bxc5 Nd7 23. Bxf8 Nxf8 24. exf6 1-0